[Event "7th Sharjah Masters 2024"]
[Site "Sharjah"]
[Date "2024.05.17"]
[Round "4.23"]
[White "Moroni, Luca Jr"]
[Black "Sadhwani, Raunak"]
[Result "1/2-1/2"]
[ECO "A13"]
[WhiteElo "2581"]
[BlackElo "2654"]
[Annotator "TA"]
[PlyCount "58"]
[EventDate "2024.05.13"]
[EventType "swiss"]
[EventCountry "UAE"]
[SourceTitle "playchess.com"]
[Source "ChessBase"]
[SourceQuality "1"]
[TimeControl "5400+30"]

1. c4 Nf6 2. g3 e6 3. Bg2 d5 4. Nf3 d4 5. d3 Bb4+ 6. Nbd2 {[%emt 0:02:24] Threatening Qa4+.} a5 7. a3 Be7 8. O-O Nc6 9. Nb3 e5 (9... a4 $5 10. Nbd2 $8 e5 $15) 10. e3 (10. a4 $15) 10... a4 $17 11. exd4 axb3 12. dxe5 Nd7 13. d4 {[%emt 0:01:34] [#]} Nb6 $1 14. c5 (14. Qxb3 $2 Nxd4 15. Nxd4 Qxd4 $19) 14... Nd5 15. Qxb3 O-O 16. Be3 Be6 17. Qxb7 Na5 {[%emt 0:03:35][%cal Bc6a5,Ba5c4,Bc4e3][%mdl 32] Excellent horsemanship.} 18. Qb5 Nxe3 19. fxe3 {[%emt 0:01:26] [#]} Nc4 {[%emt 0:00:12][%cal Oa8b8] Repels Nd2. Threatens to win with ...Rb8!} 20. Rfe1 Rb8 21. Qa4 Bg5 ({Better is} 21... Rxb2 $17 {...Bg5 is the strong threat.} 22. Rac1 Nd2 (22... Rxg2+ 23. Kxg2 Nb2 24. Qb5 $16) 23. Nxd2 Rxd2) 22. Nxg5 $11 {[%emt 0:00:55] The position is equal.} Qxg5 23. d5 Nxe3 ({And not} 23... Nxb2 24. Qd4 Bf5 25. e4 $16) 24. dxe6 Nxg2 25. e7 (25. exf7+ Rxf7 26. Re4 Qd2 $17 (26... Rxb2 $2 {perishes.} 27. e6 $18)) 25... Qxe7 26. Re2 Ne3 27. Qe4 $1 Rb3 28. Rxe3 Qxc5 29. Rae1 Rxb2 {[%emt 0:01:09] Weighted Error Value: White=0.07 (flawless) /Black=0.09 (flawless) .  Mistake:       	White=1     	Black=1      OK:         	White=11    	Black=14     Best:        	White=4     	Black=4      Strong:       	White=1     	Black=1} 1/2-1/2

[Event "7th Sharjah Masters 2024"]
[Site "Sharjah"]
[Date "2024.05.17"]
[Round "4.24"]
[White "Sanal, Vahap"]
[Black "Mendonca, Leon Luke"]
[Result "0-1"]
[ECO "B53"]
[WhiteElo "2566"]
[BlackElo "2640"]
[Annotator "TA"]
[PlyCount "133"]
[EventDate "2024.05.13"]
[EventType "swiss"]
[EventCountry "UAE"]
[SourceTitle "playchess.com"]
[Source "ChessBase"]
[SourceQuality "1"]
[TimeControl "5400+30"]

1. e4 c5 2. Nf3 d6 3. Nc3 Nf6 4. d4 cxd4 5. Qxd4 Nc6 6. Qe3 {[%emt 0:00:11] B53: Sicilian: 2...d6: Lines with Qxd4.} g6 7. Bc4 Bg7 8. h3 O-O 9. O-O b6 10. Rd1 Bb7 11. Bb3 $146 ({Predecessor:} 11. Qf4 Rc8 12. Bb3 Na5 13. Qh4 Rc5 14. Bg5 Qa8 15. Re1 Re8 16. Rad1 Nxb3 17. cxb3 {½-½ Demchenko,A (2654)-Vokhidov,S (2536) Titled Tuesday intern op 01st Feb-A blitz 2022 (7)}) 11... Nd7 12. Qf4 Nc5 13. Qh4 e6 14. Bg5 f6 15. Bh6 Qe7 16. Bxg7 Kxg7 17. Qg3 Rad8 18. Rd2 Na5 19. Nd4 Kh8 20. Re1 e5 21. Nf3 Naxb3 22. axb3 f5 23. Qg5 Rf6 24. Qh4 Nxe4 25. Nxe4 fxe4 26. Nh2 g5 27. Qxg5 Rg8 28. Qe3 Rfg6 29. g4 Rf8 30. c4 h5 31. Qg3 Rf4 32. f3 h4 33. Qf2 exf3 34. Red1 Kg8 35. Kh1 Re4 36. Kg1 Qg5 37. Re1 (37. Nxf3 $2 Rxg4+ 38. hxg4 Qxg4+ 39. Qg2 Bxf3 40. Qxg4 Rxg4+ 41. Kf1 $19) 37... Rxe1+ 38. Qxe1 e4 39. Nf1 Re6 40. Qe3 Qe5 41. Kf2 Kg7 (41... Kf8 $19 42. b4 Kf7) 42. Qc3 $17 Kf6 43. Ne3 Qxc3 44. bxc3 Ke5 45. Nf5 a6 46. Ke3 Rf6 47. Ne7 {[%emt 0:02:45] [#]} b5 $1 48. Nf5 (48. Rd1 $17) 48... d5 $19 (48... bxc4 49. bxc4 d5 (49... a5 50. Ra2 $14) 50. Rb2) 49. c5 $2 (49. Rd1) 49... a5 $19 50. Rd1 $2 (50. Nd6 Bc6 51. g5) 50... b4 51. cxb4 axb4 52. Nd4 Ra6 53. Rc1 Ra2 54. c6 Bc8 55. c7 Rh2 56. g5 $2 (56. Nc6+ Kd6 57. Nxb4) 56... Rxh3 $19 (56... Bxh3 57. c8=Q Bxc8 58. Rxc8 $16) 57. Nc6+ Kd6 58. Na7 Kd7 (58... Bd7 $2 59. c8=Q Bxc8 60. Rxc8 $19) 59. Rc5 Rg3 (59... d4+ 60. Kxe4 f2 (60... Bb7+ $2 61. Kxd4 f2 62. c8=Q+ $17) 61. Rf5 Bb7+ (61... Kxc7 62. Nxc8 Rxb3 63. Rxf2 $11) (61... Rxb3 62. Rf7+ Ke8 63. Rxf2 $11) 62. Kxd4 Kxc7 (62... Rxb3 63. Rf7+ Ke8 64. Rxf2 $11) 63. Rxf2 $19) 60. Rxd5+ Kxc7 61. Nxc8 (61. Rc5+ $142 Kb6 62. Rxc8 Rxg5 (62... Kxa7 $2 63. Kxe4 Rxg5 64. Ke3 $19) 63. Kxe4 (63. Nc6 $2 Rf5 $19) 63... Kxa7 64. Kxf3) 61... Kxc8 $19 62. Rd1 h3 63. Rh1 Kd7 64. g6 Ke6 65. g7 Rxg7 66. Rxh3 Rf7 (66... Rg1 $142 67. Rh2 Kf5) 67. Kd4 0-1

[Event "7th Sharjah Masters 2024"]
[Site "Sharjah"]
[Date "2024.05.17"]
[Round "4.25"]
[White "Kadric, Denis"]
[Black "Mishra, Abhimanyu"]
[Result "1/2-1/2"]
[ECO "C54"]
[WhiteElo "2558"]
[BlackElo "2634"]
[Annotator "TA"]
[PlyCount "59"]
[EventDate "2024.05.13"]
[EventType "swiss"]
[EventCountry "UAE"]
[SourceTitle "playchess.com"]
[Source "ChessBase"]
[SourceQuality "1"]
[TimeControl "5400+30"]

1. e4 e5 2. Nf3 Nc6 3. Bc4 Bc5 4. O-O Nf6 5. d3 d6 6. c3 O-O 7. Re1 Bb6 8. a4 a5 9. h3 h6 10. Bb3 Ne7 11. d4 Ng6 12. Bc2 Re8 13. Nbd2 c6 14. Nf1 d5 15. Nxe5 Nxe5 16. dxe5 Nxe4 17. Bxe4 dxe4 18. Qxd8 (18. Qh5 {is interesting.} Qd5 19. Bf4 e3 20. Nxe3 Qe4 21. Bg3) 18... Bxd8 19. Rxe4 Bc7 20. f4 Bf5 21. Re1 f6 22. g4 Bd3 23. Ng3 fxe5 24. f5 e4 25. Nh5 {[%emt 0:00:04] The position is equal.} Kf7 26. Bf4 Bb6+ {[%emt 0:04:43] A strong pair of Bishops.} 27. Be3 Bxe3+ 28. Rxe3 Rad8 29. Ng3 Rd5 30. Rae1 {[%emt 0:02:37] Weighted Error Value: White=0.06 (flawless) /Black=0.05 (flawless) .  Inaccurate:     	---       	Black=1      OK:         	White=5     	Black=10     Best:        	White=1     	---} 1/2-1/2

[Event "7th Sharjah Masters 2024"]
[Site "Sharjah"]
[Date "2024.05.17"]
[Round "4.26"]
[White "Horvath, Dominik"]
[Black "Gledura, Benjamin"]
[Result "1/2-1/2"]
[ECO "B07"]
[WhiteElo "2554"]
[BlackElo "2619"]
[Annotator "TA"]
[PlyCount "87"]
[EventDate "2024.05.13"]
[EventType "swiss"]
[EventCountry "UAE"]
[SourceTitle "playchess.com"]
[Source "ChessBase"]
[SourceQuality "1"]
[TimeControl "5400+30"]

1. Nf3 d6 2. d4 g6 3. g3 Bg7 4. Bg2 Nf6 5. O-O O-O 6. Re1 Nbd7 7. e4 e5 8. Nc3 c6 9. a4 Re8 10. a5 Qc7 11. h3 Rb8 12. Be3 b5 13. axb6 axb6 14. d5 Bb7 15. Nh2 b5 16. dxc6 Qxc6 17. Ng4 b4 18. Nxf6+ Nxf6 19. Nd5 Nxd5 20. exd5 Qc4 21. Ra4 Bc8 22. c3 Bd7 23. Ra7 (23. Rxb4 {simplifies} Rxb4 24. cxb4 Qxb4 25. Qd2) 23... bxc3 24. Rxd7 cxb2 {[%emt 0:01:19] [#] ...Qb4 is the strong threat.} 25. Bf1 $1 Qc8 (25... b1=Q $2 {loses.} 26. Bxc4 Qb4 27. Bf1 $18) 26. Rxd6 b1=Q ({Much worse is} 26... b1=B $6 27. Ra6 $16) 27. Qxb1 Rxb1 28. Rxb1 Bf8 29. Rc6 Qd7 30. Bc4 (30. Rb5 $11 {remains equal.}) 30... Rc8 (30... Ra8 $17) 31. Rbb6 $15 Qxh3 32. Rb7 Ra8 33. Ba7 Rc8 {[%emt 0:01:41] Prevents d6} 34. Be3 h5 (34... Kg7 $5) 35. Bf1 $1 {[%emt 0:00:35] A strong pair of Bishops. The position is equal.} Qg4 36. Be2 $1 Qxe2 37. Rxc8 {[%emt 0:00:08] [#] Hoping for Rbb8. Active counter play!} Qd1+ 38. Kh2 {[%emt 0:00:04] And now Rbb8 would win.} Kg7 $1 39. Rd8 h4 40. gxh4 Qg4 41. Bg5 {[%emt 0:01:03] Rdd7 would now be deadly. Really sharp!} Qf3 42. Be3 Qf6 43. Rdd7 {[%emt 0:00:04] Black must now prevent Rxf7+.} Qxh4+ 44. Kg2 {[%emt 0:00:17] Weighted Error Value: White=0.06 (flawless) /Black=0.08 (flawless) .  Mistake:       	White=1     	Black=1      Inaccurate:     	White=2     	Black=2      OK:         	White=14    	Black=16     Best:        	White=3     	Black=4      Strong:       	White=3     	Black=1} 1/2-1/2

[Event "7th Sharjah Masters 2024"]
[Site "Sharjah"]
[Date "2024.05.17"]
[Round "4.27"]
[White "Adhiban, B.."]
[Black "Aditya Mittal"]
[Result "1/2-1/2"]
[ECO "C70"]
[WhiteElo "2523"]
[BlackElo "2608"]
[Annotator "TA"]
[PlyCount "52"]
[EventDate "2024.05.13"]
[EventType "swiss"]
[EventCountry "UAE"]
[SourceTitle "playchess.com"]
[Source "ChessBase"]
[SourceQuality "1"]
[TimeControl "5400+30"]

1. e4 e5 2. Nf3 Nc6 3. Bb5 a6 4. Ba4 b5 5. Bb3 Na5 6. O-O d6 7. d4 exd4 8. Nxd4 Bb7 9. Bd2 Nxb3 10. axb3 Nf6 11. Re1 Nd7 {[%emt 0:11:25] White has an edge.} 12. Nc3 {[%emt 0:00:00] And now Nd5 would win. White has more active pieces.} g6 $1 13. Nd5 {[%emt 0:00:00] Hoping for Bc3.} Bg7 14. Ba5 Rc8 15. Nf3 Nb6 (15... Bxb2 {keeps more tension.} 16. e5 O-O 17. exd6 Bxd5 18. dxc7 Rxc7 19. Qxd5 Bxa1 20. Bxc7 Qxc7 21. Rxa1 Nc5) 16. Bxb6 cxb6 17. c3 O-O 18. Qd3 Re8 19. Rad1 (19. b4 $14) 19... Bxd5 $11 20. Qxd5 {[%emt 0:00:00][%cal Ob3b4] [#]} b4 $1 21. cxb4 Bxb2 22. Re3 Qe7 23. e5 $2 Ba3 $4 (23... Bxe5 24. Rde1 $15) (23... dxe5 $19 24. Qe4 Bc3) 24. h3 $2 (24. Qxd6 Bxb4 25. Qxe7 (25. Qxb6 Bc5 $17) 25... Rxe7 $15) (24. exd6 $18 Qd7 25. Ne5) 24... dxe5 (24... Bxb4 $2 25. exd6 Qd7 26. Ne5 Rxe5 27. Rxe5 $18) 25. Nxe5 Qe6 {[%emt 0:01:20] [#]} (25... Bxb4 $2 {is the wrong capture.} 26. Nd7 $18 (26. Nxg6 Qd6 $11)) (25... Qc7 $1 $11) 26. Qf3 (26. Qd2 $1 $16 Qf6 27. Ng4) 26... Bc1 $1 {[%emt 0:03:54] Weighted Error Value: White=0.64/Black=0.21 (precise) .  Loses game:     	White=1     	---        Missed win:     	White=1     	Black=1      Mistake:       	White=2     	Black=1      Inaccurate:     	White=2     	Black=3      OK:         	White=3     	Black=2      Best:        	---       	Black=3      Strong:       	---       	Black=2      Brilliant:      	---       	Black=1} (26... Bxb4 $2 {perishes.} 27. Ng4 Kg7 28. Rxe6 $18) 1/2-1/2

[Event "7th Sharjah Masters 2024"]
[Site "Sharjah"]
[Date "2024.05.17"]
[Round "4.28"]
[White "Idani, Pouya"]
[Black "Blohberger, Felix"]
[Result "1/2-1/2"]
[ECO "C45"]
[WhiteElo "2605"]
[BlackElo "2506"]
[Annotator "RC"]
[PlyCount "78"]
[EventDate "2024.05.13"]
[EventType "swiss"]
[EventCountry "UAE"]
[SourceTitle "playchess.com"]
[Source "ChessBase"]
[SourceQuality "1"]
[TimeControl "5400+30"]

1. e4 e5 2. Nf3 Nc6 3. d4 exd4 4. Nxd4 Nf6 5. Nxc6 bxc6 6. e5 Qe7 7. Qe2 Nd5 8. h4 Qe6 9. Nd2 d6 10. exd6 Bxd6 11. Nc4 Bc5 12. a3 O-O 13. Qxe6 Bxe6 14. Bd3 Rfe8 15. O-O Bg4 16. Bd2 Be2 17. Rfe1 Bxd3 18. cxd3 Bd4 19. Kf1 Reb8 20. Rab1 Rb3 21. Na5 Rxb2 22. Rxb2 Bxb2 23. Nc4 Bd4 24. Rb1 Kf8 25. Na5 Ne7 26. a4 Bb6 27. Nc4 Bd4 28. Rb7 Nd5 29. Na5 c5 30. Nc6 a6 31. Ba5 Bf6 32. Rb8+ Rxb8 33. Nxb8 Nb6 34. Nxa6 Nxa4 35. g3 c6 36. Nb8 Ke7 37. Nxc6+ Kd7 38. Na7 Nb2 39. Ke2 c4 1/2-1/2

[Event "7th Sharjah Masters 2024"]
[Site "Sharjah"]
[Date "2024.05.17"]
[Round "4.29"]
[White "Esipenko, Andrey"]
[Black "Seemann, Jakub"]
[Result "1-0"]
[ECO "B51"]
[WhiteElo "2704"]
[BlackElo "2475"]
[Annotator "TA"]
[PlyCount "87"]
[EventDate "2024.05.13"]
[EventType "swiss"]
[EventCountry "UAE"]
[SourceTitle "playchess.com"]
[Source "ChessBase"]
[SourceQuality "1"]
[TimeControl "5400+30"]

1. e4 c5 2. Nf3 d6 3. Bb5+ Nd7 4. O-O a6 5. Be2 Ngf6 6. d3 {[%emt 0:00:15] B51: Sicilian: Moscow Variation (3 Bb5+) without 3...Bd7.} e6 7. a4 b6 8. Nfd2 $5 {[%emt 0:00:14][%mdl 4] is the new trend. Exploring less charted territory.} Bb7 9. f4 Be7 10. Nc3 O-O 11. Bf3 Qc7 12. g4 Nb8 13. g5 Nfd7 14. Bg2 Nc6 15. Nc4 Nd4 16. Ne3 b5 $146 ({Predecessor:} 16... Rfe8 17. Ne2 Bf8 18. Ng3 b5 19. c3 Nc6 20. f5 Nde5 21. d4 cxd4 22. cxd4 Nc4 23. axb5 axb5 24. Rxa8 Bxa8 25. fxe6 fxe6 26. Nxc4 bxc4 {½-½ Baidetsky,V (2488)-Lagarde,M (2640) EU-ch Rapid Zagreb 2023 (8)}) 17. Ne2 Nxe2+ (17... bxa4 $11 18. Rxa4 f6) 18. Qxe2 $16 Rfe8 19. Bd2 Bf8 20. Qf2 Bc6 21. b3 (21. h4 {seems wilder.} Qb7 22. f5 exf5 23. Qxf5 Ne5 24. h5) 21... Qb7 22. c4 bxa4 23. bxa4 Rab8 24. Bc3 Qc7 25. h4 Rb3 26. Qc2 ({White should try} 26. Rac1 $16) 26... Qb8 (26... Reb8 $11 {remains equal.}) 27. Ng4 Qb7 28. h5 d5 29. cxd5 (29. Rab1 $14 dxc4 30. dxc4) 29... exd5 $11 30. e5 Rb8 31. Rf2 (31. Rae1 $11 {keeps the balance.} d4 32. Bxc6 Qxc6 33. Bxd4) 31... d4 $17 32. Bxc6 Qxc6 33. Bxd4 (33. Ba5 $17 {is a better defense.}) 33... Qd5 $2 (33... Qe6 $1 $19 34. f5 Qd5) 34. Bc3 (34. Be3 $1 $11) 34... c4 $17 35. d4 Rxc3 36. Qxc3 Rb3 37. Qe1 (37. Ne3 $2 Qe4 38. Qxc4 Rxe3 $19) 37... Rg3+ (37... Qxd4 $2 38. Rd1 Rd3 39. Rxd3 Qxd3 40. Kg2 $18) 38. Kh2 Rxg4 39. Qe2 {[%emt 0:01:06] [#]} f5 $2 (39... Qxd4 40. Rd1 Qb6 (40... Rxf4 $2 {perishes.} 41. Rxd4 Rxd4 42. e6 $18) 41. e6 (41. Rxd7 Rh4+ 42. Kg3 Rh1 $18) 41... fxe6 (41... Rh4+ $2 42. Kg3 $18) 42. a5 $18 (42. Rxd7 Rh4+ 43. Kg3 Rh1 $18)) (39... Qe6 $1 $17 40. f5 Rh4+ 41. Kg3 Qd5 42. Kxh4 Qxd4+ 43. Kh3 Qxa1) 40. e6 $16 Qxd4 $2 (40... h6 $16) 41. Rd1 $18 ({Not} 41. exd7 Qxd7 42. Qxc4+ Kh8 $16) 41... Qc3 {[%emt 0:00:30] [#]} 42. Rf3 $1 Rh4+ 43. Kg3 Rg4+ 44. Kh3 1-0

[Event "7th Sharjah Masters 2024"]
[Site "Sharjah"]
[Date "2024.05.17"]
[Round "4.30"]
[White "Bharath Subramaniyam H"]
[Black "Narayanan S L"]
[Result "1-0"]
[ECO "B31"]
[WhiteElo "2545"]
[BlackElo "2695"]
[Annotator "TA"]
[PlyCount "79"]
[EventDate "2024.05.13"]
[EventType "swiss"]
[EventCountry "UAE"]
[SourceTitle "playchess.com"]
[Source "ChessBase"]
[SourceQuality "1"]
[TimeControl "5400+30"]

1. e4 c5 2. Nf3 Nc6 3. Nc3 g6 4. Bb5 Bg7 5. O-O d6 6. e5 dxe5 7. Bxc6+ bxc6 8. d3 c4 {[%emt 0:03:22] The position is equal.} 9. Re1 Qc7 10. dxc4 (10. h3 $14) 10... f5 $11 11. Be3 (11. g3 $11 {remains equal.}) 11... Nf6 12. Bc5 (12. Qd2 $15) 12... e4 $17 13. Nd2 O-O 14. f3 {[%emt 0:06:23] [#]} Rb8 $1 15. Rb1 Be6 (15... Rd8 $17 {Hoping for ...Bh6.} 16. Qe2 Nd7) 16. Qe2 $1 $11 Kh8 (16... Nd7 $11 17. Bxe7 Bd4+ 18. Kh1 Rf7) 17. Kh1 Rbd8 18. Bg1 (18. Rbd1 $14) 18... Nh5 19. fxe4 Nf4 20. Qe3 c5 $2 {[%emt 0:12:43][%mdl 8192] White stays focused until the end.} 21. Nd5 $18 (21. Qxc5 $2 Qxc5 22. Bxc5 Rxd2 $19) 21... Bxd5 22. exd5 (22. cxd5 Bd4 23. Qb3 fxe4 $18) 22... e5 23. Qxc5 (23. dxe6 $6 Nxe6 (23... Bd4 $2 24. Qg3 $18) 24. Nb3 Rd6 (24... Nd4 $2 25. Qe7 $18) 25. Nxc5 Nxc5 $16) 23... Qf7 24. Qxa7 Rd7 25. Qe3 g5 26. Nf3 Qh5 27. Nxe5 Re7 28. Qa3 Rfe8 29. Nd3 ({Less strong is} 29. Nf3 Qg4 30. g3 (30. Rxe7 $2 Qxg2#) 30... Ne2 $18) 29... Ne2 ({But not} 29... Qg4 $2 30. Nxf4 (30. Rxe7 $2 Qxg2#) 30... Rxe1 31. Rxe1) 30. Bf2 {[%emt 0:00:11] Dodges Ng3+} f4 31. d6 Rf7 32. Rxe2 Rxe2 33. Qa8+ Rf8 34. Qf3 Qxf3 35. gxf3 Rxc2 36. Rd1 {[%emt 0:01:00] Dodges Rd2} Bxb2 37. Nxb2 Rxf2 {[%emt 0:00:04] [#]} 38. Nd3 Rxa2 ({Not} 38... Rxf3 39. c5 Rh3 40. c6 $18) 39. d7 Ra5 40. Nb4 {[%emt 0:00:30] Weighted Error Value: White=0.24 (precise) /Black=0.38.  Loses game:     	---       	Black=1      Mistake:       	White=4     	Black=2      Inaccurate:     	White=2     	Black=5      OK:         	White=12    	Black=12     Best:        	White=3     	Black=2      Strong:       	White=1     	Black=1} 1-0

[Event "7th Sharjah Masters 2024"]
[Site "Sharjah"]
[Date "2024.05.17"]
[Round "4.31"]
[White "Gavrilescu, David"]
[Black "Sjugirov, Sanan"]
[Result "1/2-1/2"]
[ECO "B56"]
[WhiteElo "2540"]
[BlackElo "2692"]
[Annotator "TA"]
[PlyCount "116"]
[EventDate "2024.05.13"]
[EventType "swiss"]
[EventCountry "UAE"]
[SourceTitle "playchess.com"]
[Source "ChessBase"]
[SourceQuality "1"]
[TimeControl "5400+30"]

1. e4 c5 2. Nf3 d6 3. d4 cxd4 4. Nxd4 Nf6 5. Nc3 Nc6 6. f3 e5 7. Nb3 Be6 8. Be3 Be7 9. Qd2 O-O 10. Nd5 Bxd5 11. exd5 Nb8 12. c4 a5 13. Bd3 Nbd7 (13... a4 $5 14. Nc1 $8 e4 15. fxe4 Ng4 $11) 14. O-O {[%emt 0:00:30] The position is equal.} g6 (14... a4 $5 15. Nc1 $8 b5 $11) 15. Nc1 Nc5 (15... Rc8 $11) 16. Bc2 $14 Rb8 17. a3 {[%emt 0:00:30] White is more active.} (17. Nb3 $14) 17... Qc7 (17... Rc8 $1 $11) 18. Nb3 (18. Ne2 $1 $14) 18... Nxb3 $11 19. Bxb3 {[%emt 0:00:30] [#]} a4 $1 20. Ba2 Nd7 21. Qb4 Ra8 22. b3 Nc5 23. Bxc5 dxc5 ({Of course not} 23... Qxc5+ $6 24. Qxc5 dxc5 25. bxa4 $16) 24. Qd2 axb3 25. Bxb3 Bd6 26. g3 h5 (26... b5 $5) 27. Bc2 Kg7 28. Qc3 f6 29. Rae1 Rf7 30. Re2 Rh8 {[%emt 0:00:30] Black is weak on the light squares} 31. Rg2 Rh6 32. Bd3 Kg8 33. Qd2 Kg7 34. Qc3 Re7 (34... Kg8 $11 {should be considered.}) 35. Rb1 $14 Rh8 36. Re1 Kf7 37. Bb1 Rh7 38. Rf1 Kg7 (38... f5 $11) 39. Bc2 Rf7 40. Bd3 Rh6 41. Bc2 Rh8 42. Bb1 Qe7 43. Re1 Qd8 44. Rf1 Qc7 45. Bc2 Re8 (45... Rh6 $11) 46. Ba4 Ree7 47. Bc2 Qd7 48. Re1 Qe8 49. Rge2 Qh8 {[%emt 0:00:30] [#]} 50. f4 h4 51. Qd3 Qh6 52. f5 g5 53. g4 Qh8 54. Ba4 Qa8 55. Bb5 b6 56. Re4 {[%emt 0:00:30] White is slightly better.} Ra7 57. Ra1 Ra5 58. a4 Rfa7 {[%emt 0:00:30] Weighted Error Value: White=0.18 (very precise) /Black=0.17 (very precise) .  Mistake:       	White=3     	Black=5      Inaccurate:     	White=10    	Black=8      OK:         	White=10    	Black=14} 1/2-1/2

[Event "7th Sharjah Masters 2024"]
[Site "Sharjah"]
[Date "2024.05.17"]
[Round "4.32"]
[White "Sargsyan, Shant"]
[Black "Erdogmus, Yagiz Kaan"]
[Result "1-0"]
[ECO "C24"]
[WhiteElo "2637"]
[BlackElo "2554"]
[Annotator "TA"]
[PlyCount "117"]
[EventDate "2024.05.13"]
[EventType "swiss"]
[EventCountry "UAE"]
[SourceTitle "playchess.com"]
[Source "ChessBase"]
[SourceQuality "1"]
[TimeControl "5400+30"]

1. e4 e5 2. Nf3 Nc6 3. Bc4 Nf6 4. d3 d5 5. exd5 Nxd5 6. O-O Be7 7. Re1 f6 8. d4 Bg4 9. c3 exd4 {[%emt 0:15:37] White has an edge.} 10. cxd4 Nb6 11. Bb3 Qd7 12. h3 Bxf3 13. Qxf3 Nxd4 14. Qxb7 Nxb3 15. axb3 O-O 16. Nc3 Bb4 17. Rxa7 Rxa7 18. Qxa7 Qc6 19. Bf4 Bxc3 20. bxc3 Nd5 $1 21. Bd2 {[%emt 0:08:00] Black must now prevent c4.} Nxc3 22. Qd4 Nd5 23. h4 Qd7 24. b4 Nb6 (24... h6 $11) 25. Qxd7 $16 Nxd7 {[%emt 0:00:01][%mdl 4096] Endgame. KRB-KRN} 26. Rc1 Rc8 {[%emt 0:01:22] [#]} 27. b5 $1 Kf8 28. Bb4+ Kf7 29. Ba5 {[%emt 0:07:06] White is more active.} Rb8 30. Rxc7 Ke6 {[%emt 0:04:52] [#]} 31. Rc6+ ({Better is} 31. b6 $1) 31... Kf5 32. b6 h5 33. Kh2 Ke5 34. Rc3 Kf5 35. Rb3 Rb7 36. Rb5+ Ke6 37. Kg3 (37. Rxh5 Ne5 $16) 37... g6 38. Kf4 Kd6 39. Rb1 Ke6 (39... Rb8 $16 40. f3 Kc6) 40. f3 Kd6 41. Rd1+ Ke6 (41... Ke7 $142 42. Kg3 (42. Rb1 Kd6 $18) 42... Ke6 (42... Nxb6 $2 43. Rb1 $18)) 42. Rc1 $18 Rb8 43. Rc7 Ra8 44. b7 g5+ 45. hxg5 fxg5+ 46. Ke4 ({Not} 46. Kxg5 Rxa5+ 47. Kh4 Rb5 $11) 46... Rxa5 {[%emt 0:00:51] [#]} 47. Rxd7 $1 {[%emt 0:00:08][%mdl 512] KR-KR} Rb5 48. Rh7 {[%emt 0:01:30] And now Rh6+ would win.} Rb4+ 49. Kd3 h4 50. Kc3 Rb1 51. Kd4 {[%emt 0:00:11] Kc5 is the strong threat.} Kf5 $2 (51... Kd6 52. Rg7 Rb4+ 53. Kc3 Rb1 54. Rg6+ (54. Rxg5 Rxb7 55. Rg8 Rh7 $11) 54... Kc7) 52. Rf7+ (52. Kd5 $142 {Threatening mate with Kc6.} g4 53. Kc6 (53. Rxh4 gxf3 54. gxf3 Rxb7 $11) 53... Rc1+ 54. Kd7 Rd1+ 55. Kc8) 52... Ke6 53. Rh7 (53. Rg7 $18) 53... Kf5 $1 54. Kc5 {[%emt 0:00:29] White mates.} Kf4 55. Rg7 Rb2 56. Kc6 Rc2+ 57. Kd7 Rb2 58. Kc8 Rc2+ 59. Rc7 {[%emt 0:00:13] Weighted Error Value: White=0.30/Black=0.13 (very precise) .  Mistake:       	White=2     	Black=4      Inaccurate:     	White=1     	Black=3      OK:         	White=15    	Black=19     Best:        	White=8     	Black=5      Strong:       	White=1     	Black=2      Brilliant:      	White=1     	---} 1-0

[Event "7th Sharjah Masters 2024"]
[Site "Sharjah"]
[Date "2024.05.17"]
[Round "4.33"]
[White "Pranav Anand"]
[Black "Banusz, Tamas"]
[Result "1-0"]
[ECO "C76"]
[WhiteElo "2532"]
[BlackElo "2623"]
[Annotator "TA"]
[PlyCount "61"]
[EventDate "2024.05.13"]
[EventType "swiss"]
[EventCountry "UAE"]
[SourceTitle "playchess.com"]
[Source "ChessBase"]
[SourceQuality "1"]
[TimeControl "5400+30"]

1. e4 e5 2. Nf3 Nc6 3. Bb5 a6 4. Ba4 d6 5. O-O Bd7 6. c3 g6 7. d4 Bg7 8. h3 Nge7 9. Re1 O-O 10. Be3 Qe8 11. Bc2 a5 12. Na3 {[%emt 0:09:54] White is slightly better.} Nd8 13. Qd2 a4 14. Rad1 {[%emt 0:04:26] [#] Strongly threatening dxe5.} Bc6 15. Bh6 f6 16. Bxg7 Kxg7 17. c4 {[%emt 0:03:21] White is more active.} b6 18. Qc3 Nf7 19. Bd3 Bd7 20. Nb5 Qb8 21. Bf1 Rd8 22. Rd2 c5 23. dxe5 dxe5 24. Red1 Bc6 25. Qc2 Rxd2 26. Rxd2 Nd8 27. Qd1 Ne6 28. Rd6 Qc8 29. Nc3 {[%emt 0:01:21] Black must now prevent Nd5.} Nf8 30. Nh2 h5 {[%emt 0:06:54] Prevents Ng4} 31. g3 {[%emt 0:07:07][%mdl 32768] Weighted Error Value: White=0.12 (very precise) /Black=0.11 (very precise) .  Mistake:       	White=1     	---        Inaccurate:     	White=2     	Black=6      OK:         	White=3     	Black=6     . Loss on time!?} (31. h4 $16) 1-0

[Event "7th Sharjah Masters 2024"]
[Site "Sharjah"]
[Date "2024.05.17"]
[Round "4.34"]
[White "Ivanchuk, Vasyl"]
[Black "Erdos, Viktor"]
[Result "1/2-1/2"]
[ECO "C42"]
[WhiteElo "2609"]
[BlackElo "2546"]
[Annotator "RC"]
[PlyCount "66"]
[EventDate "2024.05.13"]
[EventType "swiss"]
[EventCountry "UAE"]
[SourceTitle "playchess.com"]
[Source "ChessBase"]
[SourceQuality "1"]
[TimeControl "5400+30"]

1. e4 e5 2. Nf3 Nf6 3. Nxe5 d6 4. Nf3 Nxe4 5. Nc3 Nxc3 6. dxc3 Be7 7. Be3 O-O 8. Qd2 Nd7 9. O-O-O Nf6 10. Bd3 Re8 11. Rhe1 Bg4 12. Bd4 c5 13. Bxf6 Bxf6 14. Be4 Bxf3 15. Bxf3 Rxe1 16. Qxe1 Rb8 17. Rd5 b5 18. Qe3 a5 19. Be2 a4 20. a3 g6 21. g3 b4 22. cxb4 cxb4 23. axb4 Rxb4 24. c3 Qa8 25. Rd1 Rb8 26. Qf3 a3 27. Qxa8 Rxa8 28. bxa3 Rxa3 29. Rxd6 Bxc3 30. Ra6 Rxa6 31. Bxa6 Bd4 32. f3 Bg1 33. h3 Bh2 1/2-1/2